Map: Ley Lines

Players

LiquidClem (Clem) - Winner!

  • Race: Terran Terran
  • League: Master
  • Spawn Location: 7:00

trigger

  • Race: Protoss Protoss
  • League: Master
  • Spawn Location: 1:00

VOD

Have the link to the VOD?

Description

Time

  • Played on: May 27, 2025, 8:59 p.m.
  • Length: 10:25
Show
View Real Time Build Order
Export as new Build Order

LiquidClem Terran - Winner!

Build Orders: Banshee Rush 

Get SALT Encoding   

  12  0:00  SCV  
  13  0:12  SCV  
  14  0:17  Supply Depot  
  14  0:24  SCV  
  15  0:38  SCV  
  15  0:40  Barracks  
  16  0:43  Refinery  
  16  0:50  SCV  
  16  0:54  Refinery  
  17  1:02  SCV  
  18  1:14  SCV  
  19  1:27  Orbital Command, Reaper  
  19  1:28  Supply Depot  
  20  1:40  Factory  
  20  1:53  SCV  
  21  1:59  Barracks Reactor  
  21  2:05  SCV  
  22  2:15  Command Center  
  22  2:18  SCV  
  23  2:31  SCV  
  23  2:32  Starport  
  23  2:33  Widow Mine  
  26  2:39  Supply Depot  
  26  2:41  Marine  
  26  2:42  Marine  
  28  2:45  SCV  
  29  2:56  Widow Mine  
  31  3:01  SCV, Marine x2  
  34  3:08  Medivac  
  35  3:13  SCV  
  35  3:18  Marine x2  
  35  3:19  Factory Tech Lab  
  38  3:25  SCV  
  39  3:27  Orbital Command  
  39  3:36  Marine x2  
  39  3:37  SCV  
  42  3:44  Supply Depot  
  42  3:45  Cloaking Field  
  42  3:48  Banshee  
  42  3:50  Factory Tech Lab  
  42  3:53  SCV  
  42  3:55  SCV  
  47  3:56  Marine  
  47  3:58  Marine  
  49  4:05  SCV  
  49  4:07  SCV  
  51  4:13  Siege Tank  
  54  4:17  SCV  
  54  4:19  Marine x2  
  54  4:20  SCV  
  57  4:29  SCV  
  57  4:30  Supply Depot  
  56  4:31  Barracks  
  56  4:32  Banshee, SCV  
  56  4:38  Barracks  
  60  4:42  Bunker, SCV, Marine  
  62  4:51  Refinery, Marine  
  62  4:52  SCV  
  64  4:54  Supply Depot  
  64  4:56  Siege Tank  
  64  4:57  SCV  
  68  5:04  SCV  
  68  5:06  Engineering Bay  
  69  5:08  Marine  
  70  5:15  SCV, Marine  
  70  5:16  SCV  
  73  5:22  Banshee  
  73  5:24  Marine  
  73  5:28  SCV  
  78  5:33  Supply Depot  
  78  5:40  Supply Depot  
  78  5:45  Marine  
  78  5:49  SCV  
  78  5:51  SCV  
  78  5:52  Marine, Supply Depot  
  78  5:53  Supply Depot  
  78  5:54  Siege Tank  
  78  5:55  Marine x2  
  78  5:56  Refinery  
  81  6:01  SCV  
  81  6:03  SCV, Marine  
  79  6:08  Supply Depot  
  79  6:13  SCV  
  79  6:14  Supply Depot  
  79  6:15  SCV  
  79  6:17  Terran Infantry Weapons Level 1  
  81  6:22  Command Center  
  81  6:25  SCV  
  82  6:26  Stimpack  
  82  6:27  Marauder  
  82  6:28  SCV  
  82  6:31  Starport Reactor  
  84  6:33  Marine x2  
  84  6:37  SCV  
  84  6:38  Factory Reactor  
  84  6:39  Marauder, Combat Shield  
  88  6:41  SCV  
  89  6:49  Barracks  
  89  6:50  Barracks  
  89  6:51  Marine x2  
  91  6:54  Marauder  
  91  6:58  Supply Depot  
  92  7:06  Missile Turret  
  92  7:07  Marauder  
  94  7:09  Medivac x2  
  94  7:12  Marine x2  
  94  7:13  SCV  
  101  7:16  Marauder  
  101  7:20  Widow Mine x2  
  104  7:22  Supply Depot  
  104  7:27  SCV x2  
  104  7:28  Marauder  
  108  7:30  Marine x2  
  108  7:36  Supply Depot  
  108  7:37  Orbital Command  
  107  7:39  SCV  
  107  7:40  Marauder  
  107  7:42  Barracks Tech Lab, Barracks Reactor  
  110  7:48  Widow Mine x2, Medivac  
  116  7:51  Medivac  
  116  7:53  Marauder  
  116  7:54  Marine  
  116  7:56  Marine  
  122  8:02  Marauder  
  122  8:04  Orbital Command  
  124  8:06  SCV x2  
  124  8:11  Widow Mine x2  
  132  8:13  Marauder, Supply Depot  
  132  8:19  Marine x2  
  129  8:21  Marine x2  
  129  8:22  SCV x2  
  129  8:25  Marauder  
  134  8:30  SCV  
  134  8:31  Marauder  
  137  8:34  SCV x2  
  137  8:37  Widow Mine x2  
  137  8:38  Marine x2  
  137  8:40  Concussive Shells  
  137  8:41  Marauder  
  147  8:42  SCV, Marine x2  
  147  8:44  Supply Depot  
  147  8:47  Marauder, Medivac  
  154  8:48  Medivac  
  156  8:56  Marauder  
  156  8:59  Marine x2  
  156  9:02  Marauder  
  160  9:04  SCV  
  160  9:06  Marine x2  
  160  9:08  Marauder, Armory, Engineering Bay  
  143  9:14  Ghost Academy  
  143  9:16  Widow Mine x2  
  143  9:17  Marine  
  142  9:18  Marauder  
  142  9:19  Refinery  
  142  9:20  SCV  
  142  9:21  SCV x2  
  142  9:23  Marauder  
  150  9:25  Marine  
  150  9:27  Marine  
  150  9:29  Marine  
  151  9:32  Marine  
  151  9:33  SCV x3  
  151  9:34  Marine  
  144  9:39  Marauder  
  144  9:41  Medivac x2  
  144  9:43  Widow Mine  
  144  9:44  Widow Mine  
  143  9:46  Marine  
  143  9:47  Marauder  
  143  9:50  SCV  
  143  9:52  Marine x2  
  141  9:56  SCV, Supply Depot  
  141  9:57  Marauder  
  141  9:58  Refinery  
  139  10:00  Marine  
  139  10:03  SCV  
  136  10:07  Marine  
Show
View Real Time Build Order
Export as new Build Order

trigger Protoss 

Build Orders: 1 Gate Expand, Blink Stalkers 

Get SALT Encoding   

  12  0:00  Probe  
  13  0:12  Probe  
  14  0:17  Pylon  
  14  0:23  Probe  
  15  0:31  Probe  
  16  0:36  Gateway  
  16  0:39  Probe  
  16  0:45  Assimilator  
  17  0:50  Probe  
  18  1:03  Probe  
  19  1:15  Probe  
  20  1:22  Nexus  
  20  1:32  Cybernetics Core  
  20  1:37  Probe, Assimilator  
  21  1:46  Pylon  
  21  1:49  Probe  
  22  1:57  Stalker  
  22  1:58  Probe  
  22  2:06  Probe  
  23  2:09  Warp Gate  
  26  2:16  Probe  
  27  2:25  Twilight Council  
  27  2:28  Probe  
  28  2:30  Probe  
  28  2:32  Adept  
  31  2:39  Shield Battery  
  31  2:40  Probe x2  
  33  2:53  Probe  
  33  2:55  Probe, Blink  
  35  3:01  Gateway  
  35  3:04  Stalker  
  35  3:05  Probe  
  36  3:09  Probe  
  39  3:17  Probe  
  40  3:22  Probe  
  41  3:29  Probe  
  40  3:34  Probe  
  40  3:37  Robotics Facility  
  40  3:39  Pylon  
  42  3:41  Probe  
  42  3:42  Gateway  
  42  3:47  Probe  
  43  3:50  Assimilator  
  43  3:53  Probe  
  44  3:57  Stalker x2  
  44  4:00  Probe  
  49  4:05  Probe  
  49  4:07  Pylon  
  50  4:21  Probe  
  50  4:23  Stalker x2  
  51  4:25  Probe  
  51  4:30  Warp Prism  
  52  4:34  Probe  
  55  4:47  Probe  
  55  4:51  Stalker x2  
  60  4:56  Pylon  
  60  4:59  Stalker  
  62  5:09  Observer  
  63  5:15  Nexus  
  60  5:22  Probe  
  61  5:33  Stalker  
  61  5:34  Stalker  
  63  5:49  Pylon  
  61  5:52  Probe x2  
  61  6:03  Probe  
  59  6:05  Probe  
  61  6:11  Probe, Pylon  
  62  6:19  Shield Battery  
  62  6:20  Charge  
  62  6:21  Pylon  
  62  6:25  Probe, Forge  
  62  6:26  Probe  
  62  6:27  Probe  
  65  6:35  Probe  
  65  6:36  Probe  
  65  6:39  Probe  
  67  6:44  Probe  
  67  6:46  Probe  
  68  6:48  Pylon  
  68  6:51  Probe, Gateway  
  68  6:52  Observer  
  68  6:54  Probe, Gateway  
  72  6:56  Probe  
  72  7:00  Gateway  
  74  7:01  Protoss Ground Weapons Level 1  
  74  7:03  Probe  
  74  7:05  Stalker x2  
  79  7:09  Probe x2  
  81  7:17  Stalker  
  81  7:19  Probe  
  81  7:21  Probe  
  79  7:23  Probe  
  75  7:31  Probe x2  
  75  7:32  Probe  
  75  7:34  Stalker x2  
  78  7:41  Pylon  
  78  7:42  Probe  
  78  7:43  Probe, Robotics Bay  
  79  7:44  Sentry  
  79  7:46  Probe  
  79  7:48  Immortal  
  87  7:53  Zealot x2  
  87  7:55  Zealot, Probe  
  87  7:56  Probe  
  87  7:57  Zealot  
  97  8:02  Probe  
  98  8:11  Pylon  
  98  8:15  Colossus  
  98  8:16  Zealot x5  
  98  8:20  Zealot x5  
  98  8:26  Nexus  
  108  8:29  Pylon  
  114  8:36  Extended Thermal Lance  
  114  8:44  Zealot  
  114  8:52  Zealot x5  
  114  8:55  Pylon  
  90  9:12  Zealot x3  
  90  9:13  Zealot x3  
  90  9:16  Colossus  
  99  9:18  Probe  
  98  9:33  Zealot x4  
  98  9:34  Stalker x2  
  58  9:54  Stalker x4  
Tags
 
Add a new tag
Caveats
  • Supply blocks, unpowered buildings, or Contaminate may cause inaccurate times.
  • Supply counts are checked every 10 seconds.